Map: Dusk Towers

Players

Lilbow

  • Race: Protoss Protoss

Nerchio - Winner!

  • Race: Zerg Zerg
  • League: Grandmaster

Event: NationWars III

VOD

Have the link to the VOD?

Description

Time

  • Played on: Dec. 5, 2015, 4:28 p.m.
  • Length: 19:19

All games in this series

Show
View Real Time Build Order
Export as new Build Order

Lilbow Protoss 

Build Orders: Nexus First, Phoenix Opening 

Get SALT Encoding   

  12  0:01  Probe (Chrono Boost)  
  13  0:11  Probe (Chrono Boost)  
  14  0:17  Pylon  
  14  0:22  Probe (Chrono Boost)  
  16  0:35  Probe (Chrono Boost)  
  16  0:46  Probe (Chrono Boost)  
  17  0:56  Probe (Chrono Boost)  
  18  1:00  Nexus  
  18  1:07  Probe (Chrono Boost)  
  19  1:12  Gateway  
  19  1:17  Probe (Chrono Boost)  
  20  1:20  Assimilator  
  20  1:28  Probe (Chrono Boost)  
  20  1:29  Assimilator  
  21  1:38  Probe (Chrono Boost)  
  21  1:39  Pylon  
  22  1:49  Probe (Chrono Boost)  
  22  1:53  Gateway  
  23  2:00  Probe (Chrono Boost)  
  24  2:03  Cybernetics Core  
  24  2:10  Probe (Chrono Boost)  
  24  2:13  Probe (Chrono Boost)  
  26  2:20  Probe (Chrono Boost)  
  26  2:22  Probe (Chrono Boost)  
  30  2:32  Probe (Chrono Boost)  
  30  2:34  Probe (Chrono Boost)  
  30  2:41  Adept x2 (Chrono Boost)  
  30  2:42  Probe (Chrono Boost), Warp Gate (Chrono Boost)  
  35  2:44  Probe  
  36  2:53  Pylon  
  36  2:54  Probe  
  36  2:56  Probe  
  38  2:58  Stargate  
  38  3:08  Probe  
  38  3:10  Adept x2 (Chrono Boost)  
  38  3:12  Probe, Pylon  
  44  3:20  Probe  
  44  3:24  Probe  
  46  3:27  Pylon  
  46  3:32  Probe, Adept (Chrono Boost)  
  46  3:33  Adept (Chrono Boost)  
  51  3:37  Probe  
  52  3:47  Probe  
  53  3:51  Phoenix (Chrono Boost)  
  53  3:53  Adept  
  53  3:55  Pylon  
  55  3:56  Probe  
  55  3:57  Assimilator  
  55  3:58  Assimilator  
  58  4:04  Probe  
  58  4:08  Probe  
  58  4:09  Pylon  
  60  4:10  Oracle (Chrono Boost)  
  60  4:17  Mothership Core  
  61  4:20  Probe  
  62  4:32  Probe  
  62  4:36  Pylon  
  62  4:38  Probe  
  64  4:44  Probe, Adept  
  64  4:45  Adept  
  69  4:50  Probe  
  70  4:57  Probe  
  70  4:59  Nexus  
  71  5:01  Pylon x2  
  71  5:02  Probe  
  71  5:05  Twilight Council  
  72  5:09  Probe, Robotics Facility  
  73  5:14  Probe  
  73  5:21  Probe  
  75  5:25  Sentry x2  
  75  5:26  Gateway x2, Probe  
  80  5:33  Probe  
  77  5:38  Probe  
  78  5:45  Probe  
  78  5:48  Pylon  
  73  5:50  Sentry x2, Probe  
  76  5:57  Probe  
  76  6:00  Pylon  
  76  6:02  Probe  
  76  6:03  Blink (Chrono Boost)  
  78  6:06  Robotics Bay  
  78  6:09  Probe  
  79  6:11  Probe  
  79  6:14  Probe  
  81  6:19  Stalker x2  
  81  6:21  Probe  
  81  6:22  Probe, Observer (Chrono Boost)  
  81  6:24  Assimilator  
  88  6:27  Probe, Assimilator  
  88  6:30  Stalker  
  88  6:31  Stalker  
  93  6:33  Probe  
  93  6:36  Gateway  
  93  6:37  Warp Prism (Chrono Boost)  
  93  6:38  Gateway  
  96  6:48  Stalker x2  
  96  6:53  Robotics Facility  
  100  6:55  Gateway  
  100  6:57  Gateway  
  100  6:59  Stalker x2  
  104  7:06  Disruptor  
  107  7:16  Stalker x2  
  107  7:20  Gateway  
  111  7:23  Pylon  
  111  7:31  Stalker  
  111  7:32  Stalker x2  
  111  7:33  Stalker  
  119  7:41  Disruptor  
  119  7:46  Disruptor  
  125  7:54  Pylon  
  125  7:55  Pylon  
  125  8:01  Stalker x6  
  125  8:02  Stalker x2  
  141  8:05  Pylon  
  141  8:07  Pylon  
  141  8:26  Disruptor (Chrono Boost)  
  141  8:27  Disruptor (Chrono Boost)  
  147  8:40  Adept x2  
  151  8:41  Stalker x2  
  151  8:42  Stalker x5  
  151  8:47  Pylon  
  165  8:50  Pylon x2  
  162  9:11  Adept x2  
  162  9:12  Adept x7  
  180  9:40  Stalker  
  180  9:41  Stalker x7  
  178  10:23  Stalker, Zealot x4  
  178  10:24  Stalker x4  
  178  10:25  Colossus (Chrono Boost)  
  178  10:26  Immortal (Chrono Boost)  
  135  10:49  Robotics Facility  
  135  10:51  Templar Archives  
  135  10:55  Nexus  
  135  10:56  Pylon  
  135  10:57  Assimilator  
  135  10:58  Zealot  
  135  11:00  Immortal (Chrono Boost)  
  135  11:03  Assimilator  
  141  11:06  Pylon  
  141  11:08  Forge, Pylon  
  145  11:12  Immortal (Chrono Boost)  
  145  11:29  High Templar x2  
  145  11:30  High Templar x2  
  153  11:33  Immortal (Chrono Boost)  
  153  11:34  Archon  
  153  11:35  Archon  
  161  11:46  Immortal (Chrono Boost)  
  165  11:50  Zealot x4  
  165  11:52  Zealot  
  175  12:04  Stalker  
  175  12:05  Stalker  
  175  12:08  Immortal (Chrono Boost)  
  167  12:17  Zealot x2  
  167  12:20  Immortal (Chrono Boost)  
  147  12:38  Zealot x3  
  147  12:39  Zealot x4  
  147  12:41  Zealot  
  147  12:42  Immortal (Chrono Boost)  
  142  13:06  High Templar x2  
  142  13:07  High Templar x4  
  142  13:08  High Templar x2  
  142  13:10  Archon x2  
  142  13:11  Archon  
  158  13:14  Probe x2  
  158  13:16  Probe  
  161  13:25  Probe x2, Archon  
  163  13:28  Probe  
  164  13:39  Zealot x4  
  164  13:40  Zealot x2, High Templar x2  
  150  13:46  Archon  
  126  14:04  Probe x2, High Templar x2  
  126  14:06  Probe  
  126  14:09  Archon  
  97  14:20  High Templar x2  
  97  14:21  Zealot x2  
  91  14:26  Archon  
  91  14:27  Zealot x2  
  95  14:33  Immortal (Chrono Boost)  
  97  14:41  Probe x2  
  97  14:42  Probe  
  97  14:43  Probe  
  101  14:51  Probe  
  101  14:52  Probe  
  99  14:59  Robotics Facility  
  100  15:15  Immortal (Chrono Boost)  
  100  15:20  Protoss Ground Weapons Level 1  
  93  15:44  Stalker x2  
  93  15:47  Immortal (Chrono Boost)  
  93  15:49  Immortal (Chrono Boost)  
  104  15:54  Probe  
  105  16:10  High Templar x4  
  113  16:14  Probe  
  113  16:15  Archon x2  
  113  16:16  Probe  
  115  16:22  Immortal (Chrono Boost)  
  119  16:36  Probe, Immortal (Chrono Boost)  
  119  16:38  Probe  
  125  16:56  Immortal (Chrono Boost)  
  129  17:07  High Templar x2  
  133  17:11  Immortal (Chrono Boost), Archon  
  133  17:14  High Templar x2  
  141  17:18  Archon  
  141  17:21  Photon Cannon  
  141  17:22  Mothership Core  
  143  17:44  High Templar x2  
  143  17:49  Archon  
  143  17:51  Photon Cannon  
  143  17:56  Zealot  
  145  18:06  High Templar x2  
  145  18:07  Zealot x3  
  145  18:10  Archon  
  155  18:25  Zealot, High Templar x2  
  161  18:29  Archon  
  161  18:42  High Templar x2  
  161  18:43  Zealot x3  
  161  18:46  Archon  
  159  18:54  Zealot  
  94  19:03  High Templar x2  
Show
View Real Time Build Order
Export as new Build Order

Nerchio Zerg - Winner!

Build Orders: Hatch First 

Get SALT Encoding   

  12  0:00  Drone  
  13  0:12  Overlord  
  13  0:17  Drone  
  14  0:30  Drone x2  
  14  0:34  Drone  
  17  0:52  Hatchery  
  17  0:54  Drone  
  17  0:57  Drone  
  18  1:11  Spawning Pool  
  17  1:14  Drone  
  17  1:17  Drone  
  19  1:37  Hatchery  
  19  1:39  Drone  
  19  1:42  Drone  
  19  1:45  Extractor  
  19  1:57  Queen  
  19  1:58  Zergling x2  
  22  2:05  Drone x2  
  24  2:11  Queen  
  26  2:15  Drone  
  26  2:22  Overlord  
  27  2:25  Drone  
  28  2:30  Overlord  
  28  2:40  Drone x2  
  28  2:42  Drone  
  31  2:45  Metabolic Boost  
  31  2:47  Drone  
  32  2:51  Drone  
  32  2:54  Drone  
  32  2:57  Drone  
  35  3:05  Queen  
  35  3:06  Drone x2  
  35  3:09  Drone  
  35  3:10  Drone  
  40  3:16  Zergling x4  
  40  3:17  Zergling x2  
  43  3:21  Zergling x2  
  43  3:22  Drone, Zergling x2  
  43  3:24  Drone  
  43  3:27  Overlord  
  47  3:29  Drone  
  48  3:37  Overlord  
  47  3:46  Drone x2  
  47  3:47  Drone  
  47  3:48  Drone  
  47  3:49  Drone x2  
  47  3:53  Drone  
  47  3:54  Drone x2  
  51  3:57  Spore Crawler  
  51  4:00  Drone  
  51  4:02  Spore Crawler  
  49  4:03  Drone x2  
  49  4:07  Evolution Chamber  
  49  4:10  Drone x3, Extractor  
  49  4:13  Drone  
  49  4:15  Drone  
  49  4:16  Drone, Extractor  
  53  4:22  Pneumatized Carapace  
  53  4:23  Overlord  
  53  4:27  Drone x3  
  53  4:28  Drone  
  57  4:33  Zerg Melee Weapons Level 1  
  57  4:35  Overlord  
  57  4:41  Overlord x2  
  57  4:43  Drone x2  
  57  4:45  Drone  
  58  4:46  Drone  
  58  4:47  Drone  
  60  4:53  Zergling x2  
  60  4:54  Roach Warren, Zergling x2  
  60  4:55  Zergling x2  
  60  4:57  Zergling x2  
  60  4:59  Zergling x2  
  64  5:00  Zergling x2  
  64  5:03  Lair  
  64  5:06  Zergling x4  
  68  5:07  Zergling x2  
  68  5:11  Zergling x6  
  68  5:12  Zergling x2  
  69  5:27  Zergling x10  
  60  5:36  Drone x7  
  60  5:40  Drone  
  60  5:41  Drone  
  64  5:44  Drone  
  64  5:48  Extractor  
  60  5:52  Drone  
  60  5:53  Drone  
  60  5:55  Drone  
  63  5:59  Spore Crawler  
  63  6:02  Drone  
  63  6:03  Drone x4  
  67  6:07  Overlord  
  67  6:09  Drone, Infestation Pit  
  66  6:11  Drone  
  66  6:13  Drone  
  66  6:15  Drone  
  66  6:16  Drone  
  70  6:21  Drone  
  70  6:24  Drone  
  72  6:27  Drone  
  72  6:29  Overseer  
  73  6:33  Drone x4  
  73  6:36  Overlord, Extractor  
  73  6:37  Drone x2  
  73  6:38  Drone, Extractor  
  79  6:40  Drone  
  79  6:45  Pathogen Glands  
  79  6:46  Glial Reconstitution  
  79  6:49  Zerg Melee Weapons Level 2  
  79  6:54  Roach  
  79  6:55  Roach  
  79  6:56  Roach  
  79  6:58  Roach  
  79  7:00  Roach  
  88  7:03  Roach  
  88  7:04  Overlord  
  88  7:06  Overlord  
  90  7:12  Infestor  
  90  7:13  Infestor  
  94  7:15  Infestor  
  94  7:19  Overlord  
  94  7:21  Hive  
  96  7:24  Drone x2  
  98  7:38  Hatchery  
  98  7:39  Zergling x14  
  98  7:40  Zergling x2  
  105  7:45  Zergling x8  
  109  7:53  Ravager x6  
  109  7:55  Zergling x10  
  109  7:57  Overlord  
  120  7:59  Overlord  
  120  8:01  Overlord  
  120  8:09  Overlord x2  
  121  8:12  Zergling x2  
  121  8:13  Zergling x2  
  121  8:15  Overlord  
  121  8:16  Zergling x2  
  121  8:17  Zergling x8  
  128  8:20  Zergling x2  
  128  8:22  Zergling x2  
  129  8:28  Zergling x4  
  131  8:36  Ultralisk Cavern  
  131  8:38  Zergling x16  
  138  8:48  Drone x2  
  140  8:50  Evolution Chamber  
  140  8:55  Baneling Nest  
  138  9:00  Drone x3  
  138  9:01  Drone x2  
  138  9:02  Overlord  
  143  9:06  Overlord  
  143  9:09  Zerg Melee Weapons Level 3  
  143  9:11  Extractor  
  142  9:18  Zergling x28  
  156  9:25  Ultralisk  
  156  9:30  Ultralisk  
  168  9:36  Ultralisk  
  174  9:42  Ultralisk  
  180  9:49  Ultralisk  
  185  9:56  Ultralisk  
  191  10:05  Ultralisk  
  183  10:20  Zergling x18  
  183  10:21  Zergling x8  
  151  10:28  Ultralisk  
  151  10:32  Ultralisk  
  151  10:33  Zergling x2  
  143  10:37  Infestor  
  143  10:41  Infestor  
  143  10:42  Infestor  
  148  10:46  Zerg Ground Armor Level 1  
  148  10:48  Chitinous Plating  
  148  10:54  Zergling x6  
  151  11:05  Hatchery  
  150  11:13  Infestor x2  
  150  11:17  Zergling x14  
  161  11:22  Overseer  
  161  11:35  Overlord  
  161  11:36  Drone x6, Spire  
  166  11:40  Overlord  
  166  11:53  Drone x2  
  168  11:55  Drone x2  
  168  11:56  Overlord, Extractor  
  169  12:06  Zergling x4  
  169  12:07  Zergling x2  
  169  12:08  Zergling x2  
  163  12:25  Zergling x12  
  154  12:30  Neural Parasite  
  154  12:33  Zergling x4  
  154  12:37  Ultralisk  
  154  12:39  Ultralisk  
  154  12:40  Ultralisk  
  164  12:45  Ultralisk x2  
  164  12:50  Ultralisk  
  176  12:56  Zergling x6  
  178  13:00  Ultralisk  
  178  13:03  Zergling x10  
  181  13:09  Zergling x4  
  183  13:14  Greater Spire  
  183  13:16  Ultralisk  
  183  13:18  Zergling x6  
  191  13:27  Overlord  
  191  13:28  Overlord  
  191  13:31  Overlord  
  189  13:37  Zergling x8  
  189  13:39  Zergling x2  
  163  13:44  Ultralisk  
  163  13:46  Ultralisk  
  147  13:50  Zergling x4  
  147  13:54  Zergling x4  
  148  13:57  Zergling x2  
  148  14:02  Zergling x2  
  148  14:07  Ultralisk  
  148  14:08  Zergling x4  
  139  14:11  Zergling x2  
  97  14:18  Zergling x6  
  88  14:26  Drone x2  
  91  14:33  Zergling x2  
  89  14:52  Infestor  
  91  14:53  Hatchery  
  91  14:54  Infestor  
  92  15:02  Infestor  
  94  15:09  Infestor  
  94  15:12  Infestor  
  98  15:22  Infestor  
  98  15:26  Infestor  
  102  15:34  Infestor  
  102  15:47  Overseer  
  102  15:48  Infestor  
  104  15:59  Zergling x6  
  105  16:06  Zergling x2  
  105  16:09  Zergling x4  
  108  16:14  Zergling x4  
  108  16:21  Zergling x6  
  116  16:32  Ultralisk  
  116  16:44  Ultralisk  
  122  16:48  Zergling x4  
  117  17:02  Zergling x12  
  117  17:07  Infestor  
  125  17:10  Overseer  
  125  17:11  Infestor  
  127  17:23  Hatchery  
  127  17:27  Viper  
  129  17:31  Viper  
  132  17:44  Ultralisk  
  138  17:49  Corruptor  
  140  17:55  Corruptor  
  142  18:07  Zergling x8  
  142  18:08  Zergling x2  
  147  18:15  Zergling x2  
  147  18:16  Zergling x4  
  147  18:19  Zergling x2  
  146  18:20  Zergling x2  
  146  18:28  Zergling x2  
  147  18:37  Zergling x2  
  147  18:38  Zergling x2  
  121  18:57  Zergling x14  
  121  19:02  Zergling x2  
Tags
 
Add a new tag
Caveats
  • Supply blocks, unpowered buildings, or Contaminate may cause inaccurate times.
  • Supply counts are checked every 10 seconds.